 Dungeon Crawl Stone Soup version 0.27-a0-1529-g1e82c303ef (webtiles) character file.

Game seed: 7850028762235253254

354 garrulousMonolith the Magician (level 6, -1/47 HPs)
             Began as a Djinni Air Elementalist on July 12, 2021.
             Slain by a centaur skeleton (5 damage)
             ... on level 4 of the Dungeon.
             The game lasted 00:04:44 (5099 turns).

garrulousMonolith the Magician (DjAE)               Turns: 5099, Time: 00:04:44

Health: -1/47      AC:  2    Str:  7    XL:     6   Next: 94%
Gold:   224        EV: 13    Int: 19    God:
                   SH:  0    Dex: 13

rFire    + + .     SeeInvis .   g - +0 dagger
rCold    . . .     Faith    .   (no shield)
rNeg     . . .     Spirit   .   a - +0 robe
rPois    ∞         Reflect  .   (no helmet)
rElec    .         Harm     .   (no cloak)
rCorr    .         Rampage  .   (no gloves)
Will     .....                  (boots unavailable)
Stlth    ++........             (no amulet)
HPRegen  0.15/turn              l - ring of protection from cold
MPRegen  0.00/turn              (no ring)

@: flying
A: sickness immunity, fire resistance 2, cold vulnerability 1, float, innate
caster, hp casting, extra vitality 1
a: no special abilities


You were on level 4 of the Dungeon.
You visited 1 branch of the dungeon, and saw 4 of its levels.

You collected 224 gold pieces.

Inventory:

Hand Weapons
 g - a +0 dagger (weapon)
Missiles
 h - 92 stones
 p - 7 javelins
Armour
 a - a +0 robe (worn)
Jewellery
 l - a ring of protection from cold (left hand)
Scrolls
 c - 2 scrolls of enchant weapon {unknown}
 d - 4 scrolls of identify {unknown}
 i - 2 scrolls of magic mapping {unknown}
 k - a scroll of holy word {unknown}
 n - a scroll of teleportation {unknown}
 o - a scroll of noise {unknown}
Potions
 b - a potion of attraction {unknown}
 e - a potion of resistance {unknown}
 f - a potion of berserk rage {unknown}
 j - a potion of mutation {unknown}
 m - a potion of heal wounds {unknown}
 q - a potion of flight {unknown}


   Skills:
 * Level 3.7 Fighting
 + Level 3.7 Dodging
 - Level 2.0 Stealth
 * Level 3.9 Spellcasting


You couldn't memorise any spells.
You knew the following spells:

 Your Spells              Type           Power      Damage    Failure   Level
a - Shock                 Conj/Air       72%        1d7       2%          1
b - Airstrike             Air            9%         N/A       26%         4
c - Static Discharge      Conj/Air       18%        N/A       4%          2
d - Swiftness             Air            18%        N/A       9%          3
e - Sting                 Tmut/Pois      72%        1d6       2%          1
f - Slow                  Hex            18%        N/A       4%          2
Your spell library was empty.

Dungeon Overview and Level Annotations

Branches:
Dungeon (4/15)
 Temple: D:4-7

Altars:
Cheibriados


Innate Abilities, Weirdness & Mutations

You are immune to sickness and miasma.
You are immune to poison.
Your flesh is very heat resistant. (rF++)
You are vulnerable to cold. (rC-)
You float through the air rather than walking.
You learn spells naturally, not from books.
Your magical power is your life essence.
You have superior vitality. (+4 HP)


Message History

Confirm with . or Enter, or press ? or * to list all spells.
The centaur skeleton is struck by an arc of lightning!
The centaur skeleton is moderately damaged.
The ogre is struck by an arc of lightning.
The ogre is moderately wounded.
The lightning grounds out.
The ogre completely misses you. The centaur skeleton barely misses you.
The centaur skeleton misses you.
Casting: Static Discharge (safe; 4% risk of failure)
Confirm with . or Enter, or press ? or * to list all spells.
The ogre is struck by an arc of lightning.
The ogre is severely wounded.
The lightning grounds out.
The centaur skeleton is struck by an arc of lightning.
The centaur skeleton is moderately damaged.
The lightning grounds out.
The centaur skeleton barely misses you. x2
The ogre completely misses you.
Casting: Static Discharge (safe; 4% risk of failure)
Confirm with . or Enter, or press ? or * to list all spells.
The ogre is struck by an arc of lightning.
The ogre is almost dead.
You are struck by an arc of lightning.
The lightning grounds out.
The centaur skeleton is struck by an arc of lightning!
The centaur skeleton is severely damaged.
The lightning grounds out.
The centaur skeleton hits you. The centaur skeleton kicks you.
The ogre hits you with a +0 giant club!!
Ouch! That really hurt!
* * * LOW HITPOINT WARNING * * *
The centaur skeleton misses you. The centaur skeleton kicks you.
* * * LOW HITPOINT WARNING * * *
Casting: Static Discharge (safe; 4% risk of failure)
Confirm with . or Enter, or press ? or * to list all spells.
The centaur skeleton is struck by an arc of lightning!
The centaur skeleton is almost destroyed.
The ogre is struck by an arc of lightning.
The ogre is almost dead.
The lightning grounds out.
* * * LOW HITPOINT WARNING * * *
The centaur skeleton hits you.
You die...

..# #.# ..# ##.## #.#
#... #.# #..# #.#
#..#####[#
#####.####........#
...........########
.#....#####.......####
.#..#.# #.####@....#
....#.# #.# #OZ......
.##.#.# #.# ....#.###
.##.#.# #.# .#..## #
......# #........
###.### #### .#### .
#)


You could see an ogre and a centaur skeleton.

Vanquished Creatures
  A water moccasin skeleton (D:4)
  A howler monkey (D:4)
  A jelly (D:4)
  3 orc wizards
  A hound skeleton (D:4)
  6 adders
  3 worms
  2 dart slugs
  5 orcs
  4 ball pythons
  6 endoplasms
  A giant cockroach (D:3)
  4 goblins
  15 hobgoblins
  4 jackals
  5 quokkas
  5 bats
  A frilled lizard (D:2)
  4 kobolds
  4 rats
76 creatures vanquished.

Notes
Turn   | Place    | Note
-------+----------+-------------------------------------------
     0 | D:1      | garrulousMonolith the Djinni Air Elementalist began the
                  | quest for the Orb.
     0 | D:1      | Reached XP level 1. HP: 15/15 MP: 0/0
   283 | D:1      | Reached XP level 2. HP: 20/22 MP: 0/0
   548 | D:1      | Reached skill level 1 in Fighting
   755 | D:1      | Reached XP level 3. HP: 18/27 MP: 0/0
   755 | D:1      | Learned a level 1 spell: Sting
  1590 | D:2      | You are sucked into a shaft and drop 1 floor!
  2408 | D:2      | Reached XP level 4. HP: 32/33 MP: 0/0
  2761 | D:3      | Found a snail-covered altar of Cheibriados.
  3087 | D:3      | Reached XP level 5. HP: 33/39 MP: 0/0
  3087 | D:3      | Learned a level 2 spell: Slow
  4333 | D:4      | Reached XP level 6. HP: 40/46 MP: 0/0
  5093 | D:4      | Noticed an ogre
  5099 | D:4      | Slain by a centaur skeleton

Illustrated notes

Levels and vault maps discovered:
D:1:      minmay_arrival_radiant_lines, layout_basic
D:2:      minmay_chambers_of_ones, layout_loops_cross
D:3:      layout_basic, cheibriados_altar_1, chequers_arboretum,
          kennysheep_small_spiral
D:4:      layout_loops_cross, uniq_grinder

Skill      XL: |  1  2  3  4  5 |
---------------+----------------+-----
Fighting       | 1 2 3 |  3.7
Stealth        | 2 |  2.0
Spellcasting   | 3 |  3.9
Dodging        | 3 |  3.7

Action                   |  1- 3 |  4- 6 || total
-------------------------+-------+-------++-------
Melee: Dagger            |       |     1 ||     1
 Cast: Shock             |    85 |    98 ||   183
       Sting             |     2 |       ||     2
       Swiftness         |       |     1 ||     1
       Static Discharge  |       |    26 ||    26
Armor: Robe              |     3 |     2 ||     5
Dodge: Dodged            |     9 |    30 ||    39

Table legend: (Time is in decaauts)
 A = Elapsed time spent in this place.
 B = Non-inter-level travel time spent in this place.
 C = Inter-level travel time spent in this place.
 D = Time resting spent in this place.
 E = Time spent auto-exploring this place.
 F = Levels seen in this place.
 G = Mean time per level.
                   A        B        C        D        E       F      G
               +--------+--------+--------+--------+--------+-----+--------+
         Total |   5100 |   5024 |     76 |   1052 |   3570 |   4 | 1275.0 |
       Dungeon |   5100 |   5024 |     76 |   1052 |   3570 |   4 | 1275.0 |
               +--------+--------+--------+--------+--------+-----+--------+

Top non-repeatable levels by time:
     D:3: 1926 daAuts
     D:1: 1525 daAuts
     D:2: 1170 daAuts
     D:4: 477 daAuts
